 Dungeon Crawl Stone Soup version 0.26.1-2-gb8aa6d0cf2 (webtiles) character file.

Game seed: 18317399941970116785

16064 Xiliam the Spear-Bearer (level 12, -4/64 HPs)
             Began as a Demonspawn Chaos Knight on Feb 27, 2021.
             Was a Plaything of Xom.
             Slain by a yak (7 damage)
             ... on level 2 of the Lair of Beasts.
             The game lasted 02:16:09 (16022 turns).

Xiliam the Spear-Bearer (Demonspawn Chaos Knight)  Turns: 16022, Time: 02:16:10

Health: -4/64      AC: 24    Str: 16 (17) XL:     12   Next: 6%
Magic:  0/9        EV: 14    Int: 15      God:    Xom [..*...]
Gold:   555        SH:  7    Dex: 16 (17) Spells: 11/11 levels left

rFire    . . .     SeeInvis .   e - +4 spear (flame)
rCold    . . .     Faith    .   q - +0 buckler
rNeg     . . .     Spirit   +   F - +9 scale mail of Vehumet's Hope {-Tele Int+3 Stlth+}
rPois    .         Reflect  .   (helmet restricted)
rElec    .         Harm     .   B - +1 cloak {Stlth+}
rCorr    .         Rampage  .   A - +0 pair of gloves
Will     .....     Clarity  +   (no boots) Stlth +.........NoTele +
                                z - amulet of the acrobat
HPRegen  0.20/turn              G - +4 ring of evasion
MPRegen  0.22/turn              b - +6 ring of dexterity

@: no status effects
A: antennae 1, iridescent scales 1, blurry vision 1, clarity, clumsy 1,
deterioration 1, dopey 1, frail 2, low mp 2, powered by death 1, shaggy fur 1,
magic shield, magic regeneration, magic link
a: Renounce Religion


You were on level 2 of the Lair of Beasts.
You worshipped Xom.
You were a toy of Xom.
You visited 3 branches of the dungeon, and saw 13 of its levels.

You collected 912 gold pieces.
You spent 357 gold pieces at shops.

Inventory:

Hand Weapons
 e - a +4 spear of flaming (weapon)
 o - a +1 whip of flaming
Missiles
 c - 18 boomerangs (quivered)
 f - 6 atropa-tipped darts
 g - 92 sling bullets
 m - 27 poisoned darts
 n - 3 throwing nets
Armour
 q - a +0 buckler (worn)
 t - a +0 plate armour of cold resistance
 A - a +0 pair of gloves (worn)
 B - a +1 cloak of stealth (worn)
 D - +0 steam dragon scales
 F - the +9 scale mail of Vehumet's Hope (worn) {-Tele Int+3 Stlth+}
   (You found it on level 6 of the Dungeon)

   It affects your intelligence (+3).
   It prevents most forms of teleportation.
   It makes you more stealthy.
 H - a +0 tower shield
 P - a scarf of resistance
 R - a +0 helmet
Jewellery
 b - a +6 ring of dexterity (right hand)
 i - a cursed amulet of inaccuracy {unknown}
 l - an uncursed ring of fire
 w - an uncursed ring of poison resistance
 z - an amulet of the acrobat (around neck)
 G - a +4 ring of evasion (left hand)
 V - an uncursed ring of ice
Wands
 k - a wand of paralysis (19)
 C - a wand of iceblast (6)
 E - a wand of acid (1)
 U - a wand of digging (7)
Scrolls
 s - a scroll of immolation
 x - 8 scrolls of teleportation
 L - a scroll of fog
 N - a scroll of amnesia
 O - 4 scrolls of remove curse
 Q - a scroll of enchant armour
 S - a scroll of identify
 T - a scroll of blinking
Potions
 d - 3 potions of lignification
 h - 3 potions of attraction {unknown}
 j - 2 potions of degeneration {unknown}
 p - 2 potions of cancellation {unknown}
 r - 3 potions of brilliance {unknown}
 u - 2 potions of curing {unknown}
 v - 5 potions of haste {unknown}
 I - a potion of mutation {unknown}
 J - 2 potions of resistance {unknown}
 K - 2 potions of magic {unknown}
Miscellaneous
 y - a phantom mirror
 M - a condenser vane
 W - a lightning rod (4/4)


   Skills:
 - Level 3.0 Fighting
 - Level 12.0 Polearms
 - Level 10.0 Armour
 - Level 1.4 Dodging
 * Level 9.8 Shields


You had 11 spell levels left.
You didn't know any spells.
Your spell library contained the following spells:

 Spells                   Type           Power        Failure   Level
 Beastly Appendage        Tmut           0%           58%         1
 Magic Dart               Conj           0%           58%         1
 Shock                    Conj/Air       0%           58%         1
 Blink                    Tloc           N/A          75%         2
 Call Imp                 Summ           0%           75%         2
 Slow                     Hex            0%           75%         2
 Swiftness                Air            0%           75%         2
 Wereblood                Tmut           0%           75%         2
 Conjure Flame            Conj/Fire      0%           92%         3
 Mephitic Cloud           Conj/Pois/Air  0%           92%         3
 Spider Form              Tmut/Pois      0%           92%         3
 Static Discharge         Conj/Air       0%           92%         3
 Airstrike                Air            0%           100%        4
 Cause Fear               Hex            0%           100%        4
 Ice Form                 Ice/Tmut       0%           100%        4
 Blade Hands              Tmut           0%           100%        5
 Irradiate                Conj/Tmut      0%           100%        5
 Lightning Bolt           Conj/Air       0%           100%        5
 Silence                  Hex/Air        0%           100%        5
 Yara's Violent Unravell  Hex/Tmut       0%           100%        5
 Hydra Form               Tmut           0%           100%        6
 Statue Form              Tmut/Erth      0%           100%        6
 Dragon Form              Tmut           0%           100%        7
 Discord                  Hex            0%           100%        8


Dungeon Overview and Level Annotations

Branches:
Dungeon (10/15)            Temple (1/1) D:5            Lair (2/6) D:10
  Swamp: Lair:2-4    Shoals: Lair:2-4     Snake: Lair:2-4    Spider: Lair:2-4
    Orc: D:9-12

Altars:
Ashenzari
Cheibriados
Dithmenos
Elyvilon
Fedhas
Gozag
Hepliaklqana
Kikubaaqudgha
Makhleb
Nemelex Xobeh
Okawaru
Qazlal
Ru
Sif Muna
Trog
Uskayaw
Vehumet
Wu Jian
Xom
Yredelemnul
Zin
The Shining One

Shops:
D:4 ?

Annotations:
Lair:1 exclusion: 2 oklob plants


Innate Abilities, Weirdness & Mutations

You have a pair of small antennae on your head.
You are partially covered in iridescent scales. (AC +2)
You regenerate a little health from kills.
When hurt, damage is shared between your health and your magic reserves.
You regenerate magic rapidly.
When low on magic, you restore magic in place of health.
Scrolls take you a little longer to read.
You possess an exceptional clarity of mind.
You are clumsy. (Dex -2)
Your body sometimes deteriorates upon taking damage.
You are dopey. (Int -2)
You are very frail. (-20% HP)
Your magical capacity is very low. (-20% MP)
You are covered in fur. (AC +1)


Message History

The wolf is moderately wounded.
You puncture the wolf! You burn the wolf.
You kill the wolf!
Xom grants you insight.
You detect items!
The blink frog hits you!
* * * LOW HITPOINT WARNING * * *
The blink frog blinks!
The yak gores you but does no damage.
Things that are here:
a wolf corpse; a wolf skeleton You puncture the blink frog!
You burn the blink frog.
The blink frog is moderately wounded.
The blink frog hits you!
* * * LOW HITPOINT WARNING * * *
Xom thinks this is hilarious!
Your body deteriorates!
You feel clumsy.
You closely miss the blink frog.
The blink frog is moderately wounded.
The yak gores you!
You die...
Xom howls with laughter!

..........
..?...... ∆
.........
...... .....
#..# #<###
#.F.# ###@#
#Y## ####hY#
∆ ####.#.h##
##........#
#..$......#
##........#
#.........#
#..+........#


You could see 2 yaks, a blink frog (summoned) and 2 wolves.

Vanquished Creatures
  The ghost of execc the Covert, a novice GnDe of Hepliaklqana (D:8)
  2 unseen horrors (D:10)
  A glowing orange brain (shapeshifter) (D:9)
  A black mamba (Lair:1)
  Joseph (D:7)
  Maggie (D:8)
  3 elephants (Lair:1)
  3 cane toads (Lair:1)
  A rime drake (Lair:1)
  3 komodo dragons
  A troll (D:10)
  A hornet (D:10)
  14 yaks
  A fire bat (Lair:2)
  A steam dragon (D:8)
  Grum (Lair:1)
  Menkaure (D:4)
  Edmund (D:4)
  3 water moccasins (Lair:1)
  A sky beast (D:4)
  A phantom (D:9)
  2 ice beasts
  2 orc warriors (D:8)
  A black bear (D:8)
  14 wolves
  5 centaurs
  4 ogres
  A lemure (D:3)
  A big kobold (D:8)
  5 bullfrogs
  2 water moccasin skeletons
  4 scorpions
  4 killer bees (D:10)
  10 wights
  An electric eel (D:10)
  An orc priest (D:8)
  A centaur zombie (D:9)
  6 hounds
  2 jellies
  Crazy Yiuf (D:4)
  2 bullfrog skeletons
  A centaur skeleton (D:10)
  An iguana (D:8)
  9 orc wizards
  3 worker ants
  A hound skeleton (D:9)
  A howler monkey zombie (D:9)
  A howler monkey skeleton (D:10)
  14 gnolls
  5 adders
  2 shadow imps (D:9)
  3 ufetubi
  An ooze (D:3)
  An adder zombie (D:6)
  3 worms
  4 dart slugs
  9 leopard geckos
  29 orcs
  5 giant cockroaches
  5 goblins
  11 hobgoblins
  10 jackals
  4 quokkas
  7 bats
  7 frilled lizards
  A jackal skeleton (D:4)
  19 kobolds
  A leopard gecko skeleton (D:4)
  2 quokka zombies
  7 rats
279 creatures vanquished.

Vanquished Creatures (collateral kills)
  Pikel (D:3)
  A black mamba (Lair:1)
  An elephant (Lair:1)
  2 komodo dragons (Lair:1)
  A rime drake (Lair:1)
  2 water moccasins (Lair:1)
  4 wolves
  2 bullfrogs (Lair:1)
14 creatures vanquished.

Vanquished Creatures (others)
  Fannar (D:10)
  An orc wizard (D:3)
  9 fungi
  34 plants
45 creatures vanquished.

Grand Total: 338 creatures vanquished

Notes
Turn   | Place    | Note
-------+----------+-------------------------------------------
     0 | D:1      | Xiliam the Demonspawn Chaos Knight began the quest for the
                  | Orb.
     0 | D:1      | Reached XP level 1. HP: 18/18 MP: 1/1
    83 | D:1      | Reached skill level 1 in Dodging
   152 | D:1      | XOM: silly message
   176 | D:1      | Gained mutation: When hurt, damage is shared between your
                  | health and your magic reserves. [demonic ancestry]
   176 | D:1      | Reached XP level 2. HP: 24/24 MP: 2/2
   699 | D:1      | Reached skill level 3 in Polearms
   998 | D:2      | Reached XP level 3. HP: 29/29 MP: 3/3
  1289 | D:2      | XOM: god gift: scroll labelled XUYB SYAPRU {god gift}
  1303 | D:2      | XOM: silly message
  1700 | D:2      | XOM: silly message
  1838 | D:2      | XOM: divination: magic mapping
  1985 | D:3      | Reached XP level 4. HP: 31/35 MP: 4/4
  2024 | D:3      | Reached skill level 4 in Polearms
  2063 | D:3      | XOM: potion effect (heal wounds)
  2163 | D:3      | XOM: divination: magic mapping
  2267 | D:3      | Gained mutation: You have a pair of small antennae on your
                  | head. [demonic ancestry]
  2267 | D:3      | Reached XP level 5. HP: 29/41 MP: 2/5
  2433 | D:3      | Reached skill level 5 in Polearms
  2494 | D:3      | XOM: noise
  2585 | D:3      | XOM: silly message
  2587 | D:3      | XOM: divination: detect items
  2632 | D:3      | Found a radiant altar of Vehumet.
  2657 | D:3      | XOM: enchant monster (good)
  2661 | D:3      | XOM: silly message
  2725 | D:3      | XOM: silly message
  3017 | D:3      | Gained mutation: You regenerate a little health from kills.
                  | [demonic ancestry]
  3017 | D:3      | Reached XP level 6. HP: 46/47 MP: 4/6
  3386 | D:3      | Reached skill level 6 in Polearms
  3508 | D:3      | XOM: silly message
  3630 | D:3      | XOM: divination: detect creatures
  3965 | D:4      | Reached skill level 1 in Shields
  4027 | D:4      | XOM: summons 2 friendly demons
  4041 | D:5      | Entered Level 5 of the Dungeon
  4051 | D:5      | Found a staircase to the Ecumenical Temple.
  4052 | D:5      | Noticed a sky beast
  4058 | D:5      | XOM: cast spell 'Alistair's Intoxication'
  4369 | D:4      | XOM: enchant monster (bad)
  4391 | D:4      | XOM: confuse monster(s)
  4446 | D:3      | Gained mutation: You regenerate magic rapidly. [demonic
                  | ancestry]
  4446 | D:3      | Reached XP level 7. HP: 35/52 MP: 3/7
  4728 | D:4      | XOM: god gift: 26 sling bullets
  4780 | D:4      | Noticed Pikel
  4799 | D:4      | XOM: divination: detect creatures
  4807 | D:4      | XOM: divination: magic mapping
  4823 | D:3      | XOM: noise
  4847 | D:4      | XOM: polymorph Pikel -> Pikel
  4894 | D:3      | XOM: cast spell 'Summon Horrible Things'
  4899 | D:3      | Killed Pikel
  4900 | D:3      | Reached skill level 7 in Polearms
  5150 | D:4      | Found a burning altar of Makhleb.
  5150 | D:4      | Noticed Edmund
  5178 | D:4      | Killed Edmund
  5179 | D:4      | Gained mutation: When low on magic, you restore magic in
                  | place of health. [demonic ancestry]
  5179 | D:4      | Reached XP level 8. HP: 49/58 MP: 5/8
  5203 | D:4      | Found Raxt's Magic Scroll Shoppe.
  5215 | D:4      | Bought a scroll of enchant weapon for 97 gold pieces
  5221 | D:4      | Noticed Menkaure
  5225 | D:4      | XOM: noise
  5235 | D:4      | Killed Menkaure
  5236 | D:4      | Reached skill level 8 in Polearms
  5338 | D:4      | XOM: silly message
  5411 | D:4      | Bought a scroll of brand weapon for 260 gold pieces
  5427 | D:4      | XOM: 5-stop teleportation journey
  5457 | D:4      | Found a runed translucent door.
  5458 | D:4      | Noticed Crazy Yiuf
  5465 | D:4      | Killed Crazy Yiuf
  5908 | D:5      | Found a bloodstained altar of Trog.
  6612 | D:5      | XOM: silly message
  6770 | D:5      | XOM: silly message
  6949 | D:6      | Got a bloodstained scale mail
  7059 | D:6      | XOM: cloud trail
  7179 | D:6      | XOM: potion effect (brilliance)
  7228 | D:6      | Reached skill level 9 in Polearms
  7468 | Temple   | Entered the Ecumenical Temple
  7660 | D:6      | XOM: potion effect (invisibility)
  7681 | D:6      | XOM: smoke on damage
  7692 | D:6      | XOM: silly message
  7704 | D:6      | XOM: potion effect (invisibility)
  8092 | D:7      | Found a glowing golden altar of the Shining One.
  8205 | D:7      | XOM: silly message
  8249 | D:7      | Noticed Joseph
  8249 | D:7      | XOM: smoke on damage
  8250 | D:7      | Found a blossoming altar of Fedhas.
  8250 | D:7      | Found a glowing silver altar of Zin.
  8250 | D:7      | XOM: 4-stop teleportation journey
  8323 | D:7      | Identified the +9 scale mail of Vehumet's Hope {-Tele Int+3
                  | Stlth+} (You found it on level 6 of the Dungeon)
  8370 | D:7      | Killed Joseph
  8371 | D:7      | Reached skill level 10 in Polearms
  8371 | D:7      | Gained mutation: You are partially covered in iridescent
                  | scales. (AC +2) [demonic ancestry]
  8371 | D:7      | Reached XP level 9. HP: 45/63 MP: 7/9
  8627 | D:7      | XOM: noise
  8727 | D:7      | XOM: enchant monster (bad)
  8841 | D:8      | Reached skill level 11 in Polearms
  8914 | D:8      | XOM: confuse monster(s)
  9084 | D:8      | XOM: polymorph gnoll -> iguana
  9140 | D:8      | XOM: potion effect (might)
  9162 | D:8      | Reached skill level 12 in Polearms
  9215 | D:8      | Found a runed translucent door.
  9216 | D:8      | Noticed execc's ghost (novice GnDe)
  9239 | D:8      | XOM: summons 3 hostile shadow creatures
  9247 | D:8      | XOM: confusion (+ monsters)
  9262 | D:8      | XOM: confuse monster(s)
  9276 | D:8      | Killed execc's ghost
  9277 | D:8      | Reached XP level 10. HP: 70/70 MP: 10/10
  9386 | D:8      | Found a shadowy altar of Dithmenos.
  9393 | D:8      | Noticed Maggie
  9400 | D:8      | XOM: enchant monster (good)
  9407 | D:8      | Killed Maggie
  9408 | D:8      | Reached skill level 5 in Armour
  9603 | D:9      | Noticed a glowing shapeshifter
  9603 | D:9      | an orc warrior changed into a glowing shapeshifter
  9603 | D:9      | XOM: polymorph orc warrior -> glowing shapeshifter
  9604 | D:9      | Noticed a torpor snail
  9604 | D:9      | a glowing shapeshifter changed into a torpor snail
  9607 | D:9      | Noticed a swamp dragon
  9607 | D:9      | a torpor snail changed into a swamp dragon
  9608 | D:9      | XOM: fake destruction
  9608 | D:9      | a swamp dragon changed into a merfolk
  9609 | D:9      | Noticed a moth of wrath
  9609 | D:9      | a merfolk changed into a moth of wrath
  9610 | D:9      | XOM: summons 2 friendly demons
  9620 | D:9      | XOM: fog
  9624 | D:9      | XOM: silly message
  9628 | D:9      | Noticed an elephant
  9628 | D:9      | a moth of wrath changed into an elephant
  9638 | D:9      | Noticed a cyclops
  9638 | D:9      | an elephant changed into a cyclops
  9642 | D:9      | Noticed a lindwurm
  9642 | D:9      | a cyclops changed into a lindwurm
  9648 | D:9      | Noticed a manticore
  9648 | D:9      | a lindwurm changed into a manticore
  9656 | D:9      | a manticore changed into a dream sheep
  9668 | D:9      | Noticed a lindwurm
  9668 | D:9      | a jumping spider changed into a lindwurm
  9672 | D:9      | Noticed a glowing orange brain
  9672 | D:9      | a lindwurm changed into a glowing orange brain
  9681 | D:9      | Killed a glowing orange brain
  9759 | D:9      | XOM: blink monster(s)
  9842 | D:9      | XOM: give mutation
  9842 | D:9      | Gained mutation: You are frail. (-10% HP) [Xom's mischief]
  9867 | D:9      | XOM: give mutations
  9867 | D:9      | Gained mutation: You are dopey. (Int -2) [Xom's mischief]
  9867 | D:9      | Gained mutation: Your spells are a little easier to cast,
                  | but a little less powerful. [Xom's mischief]
 10003 | D:9      | XOM: give mutations
 10003 | D:9      | Gained mutation: You are clumsy. (Dex -2) [Xom's mischief]
 10003 | D:9      | Gained mutation: You are covered in fur. (AC +1) [Xom's
                  | mischief]
 10031 | D:9      | XOM: give mutation
 10031 | D:9      | Gained mutation: You are weak. (Str -2) [Xom's mischief]
 10132 | D:9      | XOM: enchant monster (bad)
 10189 | D:9      | XOM: divination: detect items
 10203 | D:9      | XOM: potion effect (haste)
 10205 | D:9      | XOM: enchant monster (bad)
 10206 | D:9      | XOM: confuse monster(s)
 10464 | D:9      | XOM: summons 6 hostile demons
 10465 | D:9      | Noticed a sun demon
 10478 | D:9      | XOM: confusion
 10713 | D:9      | XOM: god gift: condenser vane
 10852 | D:10     | Entered Level 10 of the Dungeon
 10918 | D:10     | XOM: polymorph killer bee -> bat
 11046 | D:10     | XOM: summons friendly crimson imp
 11427 | D:10     | Killed an unseen horror
 11581 | D:10     | Reached XP level 11. HP: 67/67 MP: 11/11
 11626 | D:10     | XOM: fog
 11713 | D:10     | Found a staircase to the Lair.
 11718 | D:10     | XOM: confuse monster(s)
 11761 | D:10     | XOM: scenery: summon butterflies
 11817 | D:10     | Noticed Fannar
 11835 | D:10     | XOM: smoke on damage
 11836 | D:10     | XOM: blink monster(s)
 11837 | D:10     | Killed Fannar
 11837 | D:10     | XOM: divine lightning
 11838 | D:10     | Reached skill level 10 in Armour
 11910 | D:10     | XOM: summons 3 hostile shadow creatures
 11911 | D:10     | Noticed a two-headed ogre
 12407 | D:10     | XOM: give mutations
 12407 | D:10     | Gained mutation: Your magical capacity is low. (-10% MP)
                  | [Xom's mischief]
 12407 | D:10     | Gained mutation: Your body sometimes deteriorates upon
                  | taking damage. [Xom's mischief]
 12407 | D:10     | Gained mutation: Your magical capacity is very low. (-20%
                  | MP) [Xom's mischief]
 12407 | D:10     | Lost mutation: You are weak. (Str -2) [Xom's mischief]
 12556 | D:10     | Killed an unseen horror
 12749 | Lair:1   | Entered Level 1 of the Lair of Beasts
 12769 | Lair:1   | XOM: summons friendly sixfirhy
 12775 | Lair:1   | Reached skill level 5 in Shields
 13011 | Lair:1   | XOM: summons 2 hostile demons
 13091 | Lair:1   | XOM: enchant monster (bad)
 13245 | Lair:1   | XOM: summons 2 hostile demons
 13251 | Lair:1   | XOM: blink monster(s)
 13309 | Lair:1   | Noticed Grum
 13317 | Lair:1   | XOM: polymorph wolf -> ogre
 13342 | Lair:1   | Killed Grum
 13379 | Lair:1   | XOM: cleaving
 13426 | Lair:1   | XOM: summons 2 friendly demons
 13454 | Lair:1   | XOM: fog
 13491 | Lair:1   | XOM: fog
 13493 | Lair:1   | XOM: scenery: 1 doors close
 13498 | Lair:1   | XOM: scenery: summon butterflies
 13499 | Lair:1   | XOM: divination: detect items
 13510 | Lair:1   | XOM: summons 6 friendly demons
 14329 | Lair:1   | XOM: scenery: 1 doors open
 14331 | Lair:1   | XOM: silly message
 14387 | Lair:1   | Noticed an oklob plant
 14387 | Lair:1   | Noticed an oklob plant
 14411 | Lair:1   | XOM: give mutations
 14411 | Lair:1   | Lost mutation: Your spells are a little easier to cast, but
                  | a little less powerful. [Xom's mischief]
 14411 | Lair:1   | Gained mutation: You are very frail. (-20% HP) [Xom's
                  | mischief]
 14411 | Lair:1   | Gained mutation: You possess an exceptional clarity of
                  | mind. [Xom's mischief]
 14411 | Lair:1   | Gained mutation: Scrolls take you a little longer to read.
                  | [Xom's mischief]
 14574 | Lair:1   | XOM: divination: detect creatures
 15349 | Lair:1   | XOM: cloud trail
 15420 | Lair:1   | XOM: god gift: 18 arrows
 15524 | Lair:2   | XOM: polymorph wolf -> fire bat
 15562 | Lair:2   | XOM: summons 3 friendly demons
 15564 | Lair:2   | XOM: enchant monster (bad)
 15565 | Lair:2   | XOM: blink monster(s)
 15570 | Lair:2   | Reached XP level 12. HP: 12/64 MP: 4/9
 15957 | Lair:2   | XOM: summons 4 hostile shadow creatures
 15958 | Lair:2   | Noticed a four-headed hydra
 16020 | Lair:2   | XOM: divination: detect items
 16021 | Lair:2   | HP: 3/64 [blink frog[Xom] (9)]
 16022 | Lair:2   | Slain by a yak

Illustrated notes

Levels and vault maps discovered:
D:1:      zelgadis_glass_arrival_small, layout_loops_ring
D:2:      minmay_skewed_foursquare, layout_basic, minmay_misc_feat_chi,
          minmay_pentomino_x4
D:3:      layout_rooms, old_standard_altar, serial_co_window_serial,
          co_window_paths_a, co_window_corner_a, co_window_paths_b,
          co_window_paths_a, co_window_of_opportunity_a, co_window_2corner,
          co_window_corner_cb, co_window_broadway_b, co_window_corner_b,
          co_window_broadway_a, co_window_of_opportunity_b, co_window_2corner,
          co_window_4corner_b, glass_columns_c, glass_columns_b,
          glass_columns_a, glass_columns_b
D:4:      layout_cave_pools, kennysheep_little_box, serial_shops,
          nicolae_shop_stone, kennysheep_boxes, uniq_crazy_yiuf_cottage,
          uniq_pikel, uniq_menkaure, uniq_edmund
D:5:      layout_cave_pools, temple_fountains, basic_altar
D:6:      layout_cave_pools
D:7:      layout_gridville, chequers_temple_overflow_statue_of_worship,
          tso_altar, uniq_joseph
D:8:      layout_cave_pools, ebering_ghost_reflecting_pool,
          nicolae_dithmenos_through_a_glass_darkly, uniq_maggie
D:9:      layout_stronghold, grunt_decor_clamped, kennysheep_generic_room_16
D:10:     layout_basic, erik_lair_island, uniq_fannar
Temple:   hc_temple_tempest_star
Lair:1:   layout_roguey, infiniplex_staircase_pool, minmay_lair_oklob_chamber,
          grunt_megastairs_3, serial_bayou_shore_a, uniq_grum
Lair:2:   layout_roguey, st_stairs_4, grunt_forest_large_clearings

Skill      XL: |  1  2  3  4  5  6  7  8  9 10 11 |
---------------+----------------------------------+-----
Armour         | 2 4 9 10 | 10.0
Dodging        | 1 |  1.4
Polearms       | 3 4 5 6 7 10 12 | 12.0
Shields        | 3 4 9 |  9.8
Fighting       | |  3.0

Action                   |  1- 3 |  4- 6 |  7- 9 | 10-12 || total
-------------------------+-------+-------+-------+-------++-------
Melee: Spear             |   228 |   347 |   577 |  1005 ||  2157
Throw: Dart              |     1 |     4 |     6 |       ||    11
       Boomerang         |     1 |       |     1 |       ||     2
Evoke: Wand              |       |       |     6 |     1 ||     7
  Use: Scroll            |     4 |     5 |    18 |     4 ||    31
       Potion            |       |       |     1 |     3 ||     4
 Stab: Invisible         |       |       |     2 |       ||     2
       Distracted        |       |       |     1 |     1 ||     2
       Confused          |       |       |     3 |     4 ||     7
       Paralysed         |       |       |       |     7 ||     7
Armor: Leather armour    |    10 |       |       |       ||    10
       Ring mail         |    58 |   102 |    67 |       ||   227
       Skin              |       |       |     7 |    13 ||    20
       Scale mail        |       |       |    38 |   323 ||   361
Dodge: Dodged            |    70 |   111 |   153 |   464 ||   798
Block: Buckler           |     9 |    35 |    63 |   165 ||   272
